Map: Forêt cybernétique EC

Players

IIIIIIIIIIII - Winner!

  • Race: Terran Terran
  • League: Diamond
  • Spawn Location: 11:00

Sorandom

  • Race: Zerg Zerg
  • League: Diamond
  • Spawn Location: 5:00

VOD

Have the link to the VOD?

Description

Time

  • Played on: April 13, 2019, 12:18 a.m.
  • Length: 12:23
Show
View Real Time Build Order
Export as new Build Order

IIIIIIIIIIII Terran - Winner!

Build Orders: Cyclone Opening 

Get SALT Encoding   

  12  0:01  SCV  
  13  0:15  Supply Depot  
  13  0:17  SCV  
  14  0:29  SCV  
  14  0:34  Refinery  
  15  0:41  Barracks  
  15  0:46  SCV  
  16  0:58  SCV, Refinery  
  17  1:10  SCV  
  18  1:22  SCV  
  19  1:28  Reaper  
  19  1:29  Supply Depot  
  20  1:37  Supply Depot  
  20  1:43  Factory  
  20  1:49  Orbital Command  
  20  2:08  Barracks Reactor  
  20  2:26  Factory Tech Lab  
  20  2:30  Starport  
  20  2:45  Cyclone  
  20  2:46  Marine x2  
  25  2:52  Liberator  
  25  3:07  Marine  
  21  3:31  Cyclone  
  22  3:42  Barracks Reactor  
  22  4:01  Command Center  
  22  4:05  SCV  
  23  4:17  SCV  
  23  4:21  Marine x2  
  26  4:32  Cyclone  
  29  4:44  Marine  
  29  4:45  Starport Reactor  
  30  4:46  SCV  
  31  4:59  SCV  
  29  5:08  Supply Depot  
  29  5:11  SCV  
  29  5:12  Cyclone, Liberator  
  33  5:14  Orbital Command  
  33  5:23  SCV  
  33  5:35  SCV  
  36  5:46  Orbital Command  
  35  5:58  Factory  
  35  6:09  SCV  
  36  6:12  Supply Depot x2  
  36  6:21  SCV  
  36  6:22  Cyclone  
  36  6:25  SCV  
  41  6:33  SCV  
  41  6:37  SCV  
  43  6:45  SCV  
  44  6:48  Factory  
  41  6:55  SCV  
  41  6:57  SCV  
  43  7:03  Armory  
  43  7:04  Hellion x2  
  43  7:07  SCV  
  43  7:08  Refinery  
  48  7:09  SCV  
  49  7:15  Cyclone  
  49  7:19  SCV  
  49  7:22  Supply Depot, SCV  
  54  7:31  Hellion x2  
  54  7:32  SCV  
  54  7:34  SCV  
  54  7:36  Factory Tech Lab  
  60  7:44  SCV  
  61  7:45  Factory  
  61  7:46  SCV, Refinery  
  62  7:54  Terran Vehicle And Ship Armor Level 1  
  62  7:56  Viking, SCV  
  62  7:58  SCV  
  66  8:03  Mag-Field Accelerator  
  66  8:06  Hellion x2  
  66  8:08  SCV  
  66  8:10  SCV  
  72  8:16  Hellion x2  
  76  8:20  SCV  
  76  8:22  SCV  
  76  8:23  Infernal Pre-Igniter  
  78  8:28  Supply Depot  
  78  8:37  Supply Depot, Factory Tech Lab  
  78  8:40  SCV x2  
  78  8:52  SCV  
  78  8:55  Cyclone x2  
  79  8:57  Cyclone  
  79  8:58  Hellion x2  
  79  8:59  Liberator  
  86  9:05  Supply Depot x2  
  89  9:25  Hellion  
  89  9:30  Command Center  
  91  9:38  Supply Depot  
  91  9:41  Hellion x2  
  91  9:42  Hellion x2  
  91  9:57  Cyclone x3  
  91  9:58  Hellion x2  
  102  10:29  Cyclone, Hellion x3  
  102  10:31  Command Center  
  102  10:35  Smart Servos  
  111  10:47  Orbital Command  
  111  10:49  SCV x2  
  113  10:54  Refinery  
  113  11:01  SCV x2  
  109  11:08  Liberator  
  109  11:09  Hellion x4, Liberator  
  114  11:13  SCV x2  
  114  11:16  Factory  
  112  11:40  Cyclone  
  112  11:41  Cyclone x2, Hellion x2  
  125  11:47  Orbital Command  
  125  11:53  SCV x3  
  128  11:56  Refinery  
  128  12:05  SCV  
Show
View Real Time Build Order
Export as new Build Order

Sorandom Zerg 

Build Orders: Pool First, Ravager All-In 

Get SALT Encoding   

  12  0:18  Spawning Pool  
  11  0:22  Drone  
  11  0:26  Drone  
  13  0:31  Drone  
  13  0:35  Extractor  
  13  0:39  Drone  
  13  0:42  Extractor  
  13  0:45  Drone  
  14  0:56  Overlord  
  14  1:10  Roach Warren  
  13  1:20  Overlord  
  13  1:49  Roach x3  
  19  2:01  Roach  
  21  2:12  Ravager x2  
  24  2:15  Ravager  
  24  2:24  Roach  
  26  2:31  Drone  
  27  2:38  Overlord  
  27  2:52  Roach  
  29  3:02  Roach  
  31  3:06  Ravager  
  26  3:31  Roach x2  
  27  3:40  Ravager x2  
  27  3:52  Roach  
  29  4:22  Ravager  
  30  4:25  Hatchery  
  30  4:26  Ravager  
  30  4:30  Overlord  
  26  4:56  Drone x3  
  28  5:00  Queen  
  30  5:09  Ravager  
  30  5:11  Drone  
  32  5:18  Drone  
  33  5:32  Drone  
  31  5:46  Drone x2  
  33  5:50  Queen  
  33  5:52  Drone  
  33  5:53  Drone  
  33  5:56  Spore Crawler  
  36  6:00  Drone  
  36  6:01  Drone  
  38  6:10  Drone  
  39  6:13  Drone  
  40  6:20  Drone x3  
  40  6:21  Drone  
  44  6:30  Lair  
  44  6:38  Overlord  
  44  6:39  Overlord  
  42  7:01  Drone x5  
  42  7:02  Drone x4  
  51  7:25  Hatchery  
  50  7:34  Drone  
  50  7:35  Hydralisk Den, Drone x3  
  50  7:36  Evolution Chamber  
  50  7:37  Evolution Chamber  
  51  7:43  Roach  
  53  7:46  Overlord  
  53  7:50  Overseer  
  53  7:54  Drone x6  
  59  8:02  Zerg Missile Weapons Level 1  
  59  8:04  Zerg Ground Armor Level 1  
  59  8:06  Overlord  
  59  8:19  Hydralisk  
  59  8:22  Overlord  
  59  8:24  Extractor  
  59  8:26  Extractor  
  59  8:27  Roach  
  59  8:29  Roach  
  59  8:30  Queen  
  59  8:31  Queen  
  67  8:46  Hydralisk  
  67  8:47  Hydralisk  
  67  8:56  Drone x2  
  67  8:57  Drone x7  
  76  9:17  Glial Reconstitution  
  76  9:21  Drone x6  
  82  9:35  Overlord x4  
  82  9:37  Grooved Spines  
  82  9:39  Hatchery  
  81  9:48  Spore Crawler  
  81  9:49  Spine Crawler  
  79  9:54  Spore Crawler  
  79  9:56  Spine Crawler  
  77  10:06  Hydralisk x8  
  93  10:24  Hatchery  
  92  10:34  Hydralisk  
  94  10:45  Hydralisk x2  
  98  11:03  Hydralisk  
  98  11:04  Hydralisk x3  
  102  11:12  Drone  
  102  11:13  Drone x2  
  105  11:25  Overlord x7  
  96  11:33  Roach  
  96  11:34  Roach x2  
  87  11:40  Roach  
  87  11:41  Roach  
  80  11:55  Hydralisk  
  80  11:56  Hydralisk x3  
Tags
 
Add a new tag
Caveats
  • Supply blocks, unpowered buildings, or Contaminate may cause inaccurate times.
  • Supply counts are checked every 10 seconds.